 Dungeon Crawl Stone Soup version 0.23.2-1-ga50397a (webtiles) character file.

Game seed: 7662605104409004916

181 doot the Digger (level 5, -6/42 HPs)
             Began as a Deep Dwarf Earth Elementalist on May 14, 2019.
             Killed by divine providence
             ... invoked by an orc priest
              (11 damage)
             ... on level 3 of the Dungeon.
             The game lasted 00:10:05 (3061 turns).

doot the Digger (Deep Dwarf Earth Elementalist)     Turns: 3061, Time: 00:10:06

Health: -6/42      AC:  3    Str: 11    XL:     5   Next: 34%
Magic:  2/9        EV: 13    Int: 17    God:
Gold:   151        SH:  0    Dex: 13    Spells: 1/10 levels left

rFire    . . .     SeeInvis .   e - +0 quarterstaff
rCold    . . .     Gourm    .   (shield currently unavailable)
rNeg     . . .     Faith    .   c - +0 robe
rPois    .         Spirit   .   h - +0 helmet (curse)
rElec    .         Reflect  .   (no cloak)
rCorr    .         Harm     .   (no gloves)
MR       .....                  (no boots)
Stlth    ++........             i - amulet of inaccuracy (curse)
HPRegen  0.00/turn              (no ring)
MPRegen  0.11/turn              (no ring)

@: non-regenerating
A: damage resistance, heal wounds, sense surroundings 1, no regeneration
a: Heal Wounds


You were on level 3 of the Dungeon.
You were not hungry.

You visited 1 branch of the dungeon, and saw 4 of its levels.

You collected 151 gold pieces.

Inventory:

Hand Weapons
 e - a +0 quarterstaff (weapon)
Missiles
 a - a throwing net (quivered)
Armour
 c - a +0 robe (worn)
 h - a cursed +0 helmet (worn)
Jewellery
 i - a cursed amulet of inaccuracy (around neck)
Scrolls
 b - a scroll of teleportation
 f - 4 scrolls of identify
 k - a scroll of noise {unknown}
 l - a scroll of fog
 m - a scroll of fear
 o - a scroll of random uselessness {unknown}
 q - a scroll of amnesia {unknown}
Potions
 g - a potion of heal wounds
 n - a potion of brilliance {unknown}
 p - a potion of curing {unknown}
 r - 2 potions of lignification {unknown}
Comestibles
 d - 5 rations


   Skills:
 + Level 0.1 Staves
 + Level 2.6 Dodging
 + Level 2.8 Stealth
 + Level 3.1 Spellcasting
 + Level 0.2 Conjurations
   Level 0.8 Transmutations
 + Level 6.3 Earth Magic


You had one spell level left.
You knew the following spells:

 Your Spells              Type           Power        Failure   Level  Hunger
a - Sandblast             Erth           ###...       1%          1    None
b - Stone Arrow           Conj/Erth      ##....       14%         3    ###....
c - Lee's Rapid Deconstr  Erth           ###.......   34%         5    ######.

Your spell library contained the following spells:

 Spells                   Type           Power        Failure   Level  Hunger
 Passwall                 Tmut/Erth      ##......     6%          2    ##.....
 Petrify                  Tmut/Erth      ##......     36%         4    ####...


Dungeon Overview and Level Annotations

Branches:
Dungeon (4/15)
 Temple: D:4-7

Altars:
Dithmenos


Innate Abilities, Weirdness & Mutations

You are resistant to damage.
You can heal yourself by infusing magical energy.
You passively map a small area around you.
You do not regenerate.


Message History

You closely miss the orc priest.
The orc priest is almost dead.
The orc priest hits you.
You completely miss the orc priest.
The orc priest is almost dead.
The orc priest casts a cantrip, but nothing happens.
You barely miss the orc priest.
The orc priest is almost dead.
The orc priest mumbles some strange prayers to Beogh against you.
Beogh smites you!
* * * LOW HITPOINT WARNING * * *
You barely miss the orc priest.
The orc priest is almost dead.
The orc priest closely misses you.
The orc priest looks encouraged for a moment.
You miss the orc priest.
The orc priest is almost dead.
The orc priest mumbles some strange prayers to Beogh against you.
Beogh smites you!
You die...

.# #....#.#
####.#..#.#.######## .#
#.##.#.# #.................. .#
#.##.#.#####.#...............รท
.#
#.##.#.................#######
####[##.#.....#.####......# #.
..)..##.#.....#...........# #.
#######.#.....######......# #.
#.#..........#......# #.
#.#.#+#.#.@#.#..##### #. #
#.#.#.#.#o...#..# #. #
#.#.#.#.##...#..# #. #
#.#.#.#.##...#..# #. #
#.#.#.#.##...#..# #. #
#####...#.#.##...#..# #. #
#.......#.#.##...#..# #.
###.###...#.#.#....#..# #.
.................#.#..# #.


You could see an orc priest.

Vanquished Creatures
  2 worker ants
  7 adders
  An ooze (D:3)
  2 worms
  A dart slug (D:2)
  4 leopard geckos
  An orc (D:3)
  A ball python (D:2)
  6 bats
  7 giant cockroaches
  6 goblins
  3 hobgoblins
  4 jackals (D:2)
  A quokka (D:2)
  4 frilled lizards
  A kobold (D:1)
  8 rats
59 creatures vanquished.

Notes
Turn   | Place    | Note
-------+----------+-------------------------------------------
     0 | D:1      | doot the Deep Dwarf Earth Elementalist began the quest for
                  | the Orb.
     0 | D:1      | Reached XP level 1. HP: 15/15 MP: 3/3
   248 | D:2      | Reached XP level 2. HP: 20/22 MP: 0/5
   362 | D:2      | Reached skill level 5 in Earth Magic
   362 | D:2      | Reached XP level 3. HP: 26/28 MP: 1/6
   442 | D:2      | Learned a level 3 spell: Stone Arrow
   526 | D:2      | Reached XP level 4. HP: 31/36 MP: 0/7
  1613 | D:3      | Found a shadowy altar of Dithmenos.
  1849 | D:3      | Reached XP level 5. HP: 29/42 MP: 5/9
  1856 | D:3      | Learned a level 5 spell: Lee's Rapid Deconstruction
  1885 | D:3      | Reached skill level 6 in Earth Magic
  2750 | D:4      | Noticed a centaur
  2801 | D:4      | Noticed a phantom
  3061 | D:3      | Killed from afar by an orc priest

Skill      XL: |  1  2  3  4  5 |
---------------+----------------+-----
Spellcasting   | 2 3 |  3.1
Earth Magic    | 5 6 |  6.3
Staves         | |  0.1
Dodging        | |  2.6
Stealth        | |  2.8
Conjurations   | |  0.2
Transmutations | |  0.8

Action                   |  1- 3 |  4- 6 || total
-------------------------+-------+-------++-------
Melee: Quarterstaff      |       |    27 ||    27
       Unarmed           |       |     5 ||     5
 Cast: Sandblast         |    28 |    34 ||    62
       Stone Arrow       |       |    28 ||    28
       Lee's Rapid Decon |       |     2 ||     2
  Use: Scroll            |     1 |     4 ||     5
       Potion            |       |     1 ||     1
  Eat: Chunk             |       |     9 ||     9
       Ration            |       |     1 ||     1
Armor: Robe              |     4 |    13 ||    17
Dodge: Dodged            |     3 |    49 ||    52
